 Dungeon Crawl Stone Soup version 0.26-a0-597-gb535b0901c (webtiles) character file.

Game seed: 8065731509826101591

(classic levelgen) 226 EnegeticOcto the Chopper (level 5, -1/49 HPs)
             Began as a Deep Dwarf Fighter on Aug 25, 2020.
             Slain by a troll (6 damage)
             ... on level 4 of the Dungeon.
             The game lasted 00:00:45 (749 turns).

EnegeticOcto the Chopper (Deep Dwarf Fighter)        Turns: 749, Time: 00:00:45

Health: -1/49      AC:  7    Str: 21    XL:     5   Next: 69%
Magic:  5/5        EV:  7    Int:  8    God:
Gold:   38         SH:  9    Dex: 12    Spells: 4/4 levels left

rFire    . . .     SeeInvis .   a - +0 war axe
rCold    . . .     Faith    .   c - +0 kite shield
rNeg     . . .     Spirit   .   b - +0 scale mail
rPois    .         Reflect  .   (no helmet)
rElec    .         Harm     .   (no cloak)
rCorr    .                      (no gloves)
MR       .....                  (no boots)
Stlth    ..........             (no amulet)
HPRegen  0.00/turn              (no ring)
MPRegen  0.09/turn              (no ring)

@: non-regenerating
A: damage resistance, heal wounds, sense surroundings 1, no regeneration
a: Heal Wounds


You were on level 4 of the Dungeon.
You visited 1 branch of the dungeon, and saw 4 of its levels.
You also visited: Sewer.

You collected 38 gold pieces.

Inventory:

Hand Weapons
 a - a +0 war axe (weapon)
Armour
 b - a +0 scale mail (worn)
 c - a +0 kite shield (worn)
Scrolls
 f - a scroll of identify {unknown}
 h - a scroll of magic mapping {unknown}
 i - a scroll of fog {unknown}
 k - 3 scrolls of teleportation {unknown}
 l - a scroll of remove curse {unknown}
Potions
 d - a potion of might {@q3}
 e - a potion of brilliance {unknown}
 g - 2 potions of heal wounds {unknown}
 j - 2 potions of curing {unknown}
 m - a potion of lignification {unknown}
 n - a potion of haste {unknown}


   Skills:
 + Level 3.6 Fighting
 * Level 4.4 Axes
 + Level 4.2 Armour
 + Level 4.2 Shields


You had 4 spell levels left.
You didn't know any spells.
Your spell library was empty.

Dungeon Overview and Level Annotations

Branches:
Dungeon (4/15)              Sewer (visited)
 Temple: D:4-7

Altars:


Innate Abilities, Weirdness & Mutations

You are resistant to damage.
You can heal yourself by infusing magical energy.
You passively map a small area around you.
You do not regenerate.


Message History

You slash the orc priest!
You kill the orc priest!
You slash the orc!
You kill the orc!
No target in view!
No target in view!
No target in view!
No target in view!
No target in view!
No target in view!
No target in view!
No target in view!
No target in view!
No target in view!
No target in view!
No target in view!
No target in view!
No target in view!
No target in view!
You feel much better.
Things that are here:
a +0 dagger; a +0 robe
There is an open door here.
Things that are here:
a +0 club; an orc corpse
Things that are here:
a cursed +0 hand axe; a +0 chain mail; an orc corpse You open the door.
A quokka comes into view.
A quokka is nearby!
A quokka is nearby!
A quokka is nearby!
A quokka is nearby!
A quokka is nearby!
A quokka is nearby!
A quokka is nearby!
A quokka is nearby!
A quokka is nearby!
The quokka bites you.
Found a stone staircase leading down.
There is an open door here.
You closely miss the quokka.
The quokka bites you but does no damage.
The quokka closely misses you.
You miss the quokka. The quokka closely misses you. The quokka bites you.
You closely miss the quokka. You block the quokka's attack.
You slash the quokka!
You kill the quokka!
No target in view!
No target in view!
No target in view!
No target in view!
No target in view!
No target in view!
No target in view!
No target in view!
No target in view!
No target in view!
No target in view!
No target in view!
No target in view!
No target in view!
No target in view!
No target in view!
There is an open door here.
You open the door.
Found a scale mail.
There is an open door here.
A troll comes into view.
Found a scroll labeled SAACLU APILL.
You see here 7 gold pieces.
A troll is nearby!
A troll is nearby!
A troll is nearby!
A troll is nearby!
An iguana comes into view.
The iguana moves out of view.
The iguana barely misses you. The troll barely misses you.
You block the troll's attack. The troll claws you.
You barely miss the troll. You hit the iguana. The iguana barely misses you.
The troll barely misses you. You block the troll's attack. x2
You hit the iguana but do no damage.
The iguana is lightly wounded.
You barely miss the troll.
The iguana bites you but does no damage.
The troll bites you. The troll claws you. The troll claws you!
The iguana bites you but does no damage.
The troll bites you! The troll claws you!
The troll claws you but does no damage.
You hit the iguana.
The iguana is lightly wounded.
You closely miss the troll. You block the iguana's attack.
The troll bites you but does no damage. The troll claws you but does no damage.
You block the troll's attack.
You barely miss the iguana.
The iguana is lightly wounded.
You slash the troll! You block the iguana's attack. The troll bites you!
* * * LOW HITPOINT WARNING * * *
The troll claws you!
You die...

#..####'#### ,,
* #..#.......# ,
#..#.⌠...⌠.# * *
#..#.......# ,,
#####..#.⌠...⌠.#
*,
#.....$#.......#
, ,
#......#.⌠...⌠.#
#......#...>...#
#.....@#########
, ,
#.....Tl......,
#............. ,
#............. ,
#.......?.....
#.............
#.............
#............. *


You could see a troll and an iguana.

Vanquished Creatures
  An orc wizard (D:4)
  An orc priest (D:4)
  A centaur skeleton (D:4)
  3 adders
  7 river rats
  A worm (D:3)
  A leopard gecko (D:3)
  3 orcs
  4 ball pythons
  A giant cockroach (D:3)
  2 hobgoblins (D:3)
  4 jackals (D:3)
  A kobold (D:3)
  A quokka (D:4)
  2 bats
  7 frilled lizards
  14 rats
54 creatures vanquished.

Notes
Turn   | Place    | Note
-------+----------+-------------------------------------------
     0 | D:1      | EnegeticOcto the Deep Dwarf Fighter began the quest for the
                  | Orb.
     0 | D:1      | Reached XP level 1. HP: 20/20 MP: 1/1
   144 | D:3      | Reached XP level 2. HP: 24/27 MP: 2/2
   175 | D:3      | Reached XP level 3. HP: 14/34 MP: 3/3
   191 | D:3      | Found a glowing drain.
   200 | Sewer    | Entered a sewer
   229 | Sewer    | Reached XP level 4. HP: 28/42 MP: 4/4
   699 | D:4      | Reached XP level 5. HP: 39/49 MP: 5/5
   742 | D:4      | Noticed a troll
   749 | D:4      | Slain by a troll

Illustrated notes

Levels and vault maps discovered:
D:1:      minmay_arrival_diagonal_passages, layout_loops_ring
D:2:      layout_loops_corners, minmay_quantized
D:3:      layout_rooms, portal_sewer_entry_b
D:4:      layout_gridville, grunt_ministairs_3

Skill      XL: |  1  2  3  4 |
---------------+-------------+-----
Fighting       | 3 |  3.6
Axes           | 3 4 |  4.4
Armour         | 4 |  4.2
Shields        | 4 |  4.2

Action                   |  1- 3 |  4- 6 || total
-------------------------+-------+-------++-------
Melee: War axe           |    64 |   113 ||   177
 Abil: Heal Wounds       |     1 |     3 ||     4
Armor: Scale mail        |    55 |    55 ||   110
Dodge: Dodged            |    54 |    31 ||    85
Block: Kite shield       |    76 |    53 ||   129

Table legend: (Time is in decaauts)
 A = Elapsed time spent in this place.
 B = Non-inter-level travel time spent in this place.
 C = Inter-level travel time spent in this place.
 D = Time resting spent in this place.
 E = Time spent auto-exploring this place.
 F = Levels seen in this place.
 G = Mean time per level.
                   A        B        C        D        E       F      G
               +--------+--------+--------+--------+--------+-----+--------+
         Total |    867 |    821 |     46 |      0 |    429 |   5 |  173.4 |
       Dungeon |    377 |    331 |     46 |      0 |    176 |   4 |   94.2 |
         Sewer |    489 |    489 |      0 |      0 |    252 |   1 |  489.0 |
               +--------+--------+--------+--------+--------+-----+--------+

Top non-repeatable levels by time:
   Sewer: 489 daAuts
     D:3: 158 daAuts
     D:4: 103 daAuts
     D:2: 73 daAuts
     D:1: 41 daAuts
